AoeStats
← RoR | Vodka_L_2

Arabian Desert

509373240Analyzed
1v1 RM · 6d ago on Sep 26, 2026· 25m 44s· 2 players
Game mode
Random Map
Map size
Tiny (2 player)
Population
200
Speed
Normal
Resources
Standard
Victory
Conquest
Starting age
Dark Age
Ending age
Imperial Age
RankedLock teamsTeams togetherTeam positionsShared explorationLock speedFull tech treeHidden civsTurbo modeCheats
Victory
Defeat
2667
+12
🇮🇹 Danes · Italy
2580
-12
RoR | Vodka_L_2
6:24 Loom
10:57 Feudal Age
10:58 Man-at-Arms
12:23 Arson
18:46 Fletching
19:58 Town Watch
Thành Cổ Quảng Trị
7:44 Loom
10:34 Feudal Age
10:39 Man-at-Arms
11:54 Long Swordsman
12:38 Arson
16:06 Double-Bit Axe
18:14 Horse Collar
20:44 Fletching
20:57 Padded Archer Armor
21:29 Fletching
22:21 Scale Mail Armor
25:01 Wheelbarrow
25:00 Forging
Connection lost

Rejoining the realm…

Still unreachable

The connection could not be restored.

Session expired

The server has moved on; the page needs a fresh start.